 Dungeon Crawl Stone Soup version 0.31-a0-408-gb642c7f9a3 (webtiles) character file.

Game seed: 6075214243681971925

1204 CraigForest the Carver (level 8, -6/66 HPs)
             Began as a Minotaur Gladiator on July 30, 2023.
             Was an Initiate of Gozag.
             Mangled by a troll (10 damage)
             ... on level 5 of the Dungeon.
             The game lasted 00:23:12 (5016 turns).

CraigForest the Carver (Minotaur Gladiator)         Turns: 5016, Time: 00:23:12

Health: -6/66      AC:  7    Str: 20    XL:     8   Next: 21%
Magic:  7/7        EV: 14    Int:  5    God:    Gozag
Gold:   433        SH:  0    Dex: 13    Spells: 7/7 levels left

rFire   . . .        a - +0 long sword
rCold   + . .        (no shield)
rNeg    + . .        D - +3 leather armour
rPois   .            c - +0 hat
rElec   .            (no cloak)
rCorr   .            q - +0 pair of gloves
SInv    .            (no boots)
Will    +....        g - amulet of magic regeneration
Stlth   +            k - ring of protection from cold
HPRegen 0.31/turn    u - ring of positive energy
MPRegen 0.50/turn

%: no passive effects
@: gold aura
A: horns 2, retaliatory headbutt, strong-willed 1
a: Renounce Religion, Potion Petition, Call Merchant, Bribe Branch


You were on level 5 of the Dungeon.
You worshipped Gozag.
Gozag was aware of your devotion.
You visited 2 branches of the dungeon, and saw 6 of its levels.

You collected 472 gold pieces.
You paid 39 gold pieces to Gozag.

Inventory:

Hand Weapons
 a - a +0 long sword (weapon)
 j - a +0 longbow
 n - a +0 battleaxe
 F - a +0 halberd
Missiles
 e - a javelin
 E - 4 poisoned darts
Armour
 b - a +0 leather armour
 c - a +0 hat (worn)
 i - a +0 ring mail
 q - a +0 pair of gloves (worn)
 x - a +0 buckler
 C - a +0 chain mail
 D - a +3 leather armour (worn)
Jewellery
 g - an amulet of magic regeneration (around neck)
 k - a ring of protection from cold (left hand)
 m - a ring of ice
 u - a ring of positive energy (right hand)
Scrolls
 f - a scroll of noise {unknown}
 h - a scroll of fog {unknown}
 l - 3 scrolls of teleportation {unknown}
 o - a scroll of immolation {unknown}
 p - a scroll of butterflies {unknown}
 r - a scroll of fear {unknown}
 t - 2 scrolls of revelation {unknown}
 y - a scroll of poison {unknown}
Potions
 s - a potion of magic
 v - a potion of brilliance
 w - a potion of degeneration {unknown}
 z - 2 potions of berserk rage {unknown}
 A - a potion of ambrosia {unknown}
 B - a potion of enlightenment {unknown}


   Skills:
 + Level 3.7 Fighting
 * Level 8.6 Long Blades
 + Level 2.3 Throwing
 + Level 4.2 Armour
 * Level 6.0 Dodging
 * Level 3.8 Shields


You had 7 spell levels left.
You didn't know any spells.
Your spell library contained the following spells:

 Spells                   Type           Power      Damage    Failure   Level
 Summon Small Mammal      Summ           0%         N/A       52%         1
 Sublimation of Blood     Necr           0%         N/A       67%         2
 Wereblood                Tmut           0%         N/A       67%         2
 Call Canine Familiar     Summ           0%         N/A       88%         3
 Ozocubu's Armour         Ice            0%         N/A       88%         3
 Summon Guardian Golem    Hex/Summ       0%         N/A       88%         3
 Passage of Golubria      Tloc           0%         N/A       99%         4
 Freezing Cloud           Conj/Ice/Air   0%         6-21      100%        5
 Dispersal                Tloc           0%         N/A       100%        6
 Summon Hydra             Summ           0%         N/A       100%        7


Dungeon Overview and Level Annotations

Branches:
Dungeon (5/15)             Temple (1/1) D:4

Altars:
Ashenzari
Cheibriados
Dithmenos
Elyvilon
Fedhas
Gozag
Makhleb
Nemelex Xobeh
Okawaru
Qazlal
Ru
Sif Muna
Trog
Uskayaw
Wu Jian
Xom
Yredelemnul
Zin


Innate Abilities, Weirdness & Mutations

You have a pair of horns on your head.
You reflexively headbutt those who attack you in melee.
You are strong-willed. (Will+)


Message History

Soraphim's ghost is heavily damaged.
Soraphim's ghost hits you!
You hit Soraphim's ghost.
Soraphim's ghost is severely damaged.
Soraphim's ghost hits you.
You hit Soraphim's ghost. Your headbutt misses Soraphim's ghost.
Soraphim's ghost is severely damaged.
Soraphim's ghost hits you.
* * * LOW HITPOINT WARNING * * *
You closely miss Soraphim's ghost.
Soraphim's ghost is severely damaged.
Soraphim's ghost hits you.
* * * LOW HITPOINT WARNING * * *
You miss Soraphim's ghost. You headbutt Soraphim's ghost.
Soraphim's ghost is almost destroyed.
Soraphim's ghost hits you.
* * * LOW HITPOINT WARNING * * *
You hit Soraphim's ghost but do no damage.
Soraphim's ghost is almost destroyed.
Soraphim's ghost hits you but does no damage.
You hit Soraphim's ghost.
Soraphim's ghost is almost destroyed.
Soraphim's ghost barely misses you.
You slash Soraphim's ghost!
You destroy Soraphim's ghost!
Your Long Blades skill increases to level 8!
Your Armour skill increases to level 4!
Your Dodging skill increases to level 6!
You have reached level 8!
You feel stronger.
Throw: throwing net
Press: ? - help, Q - select action, (/) - cycle Shift-Dir - straight line, f - troll
Aim: a troll (56% to hit)
You throw a throwing net.
The throwing net barely misses the troll.
The troll misses you. The troll claws you.
* * * LOW HITPOINT WARNING * * *
The troll claws you!
You die...
Your body crumbles into a pile of gold.

#8..8.$8#
##..'.......+.
#.$._.$∩#
#######'####.
##$$...##
#...#..
###''$###
##.....#
#..(....#
###.......
#.......#
###.....#...
####..o##
##.#...#####.
###T#####....###
##. #.@.#.#...##
##.. ###..#...##
##... ####...#
##....
#...#####.....
##...##.......
##...........
#...........
##..........
####
###...##....##


You could see a troll and an orc.

Vanquished Creatures
  The ghost of Soraphim the Fighter, a novice KoHu (D:5)
  A water moccasin (D:5)
  2 ogres
  A phantom (D:5)
  A scorpion (D:5)
  4 hounds
  2 gnoll boudas
  3 iguanas (D:5)
  2 orc wizards (D:4)
  8 gnolls
  4 adders
  2 ufetubi
  2 worms
  3 dart slugs
  6 orcs
  4 ball pythons
  10 bats
  6 endoplasms
  3 giant cockroaches
  8 goblins
  6 hobgoblins
  16 jackals
  4 quokkas
  4 kobolds
  6 rats
109 creatures vanquished.

Notes
Turn   | Place    | Note
-------+----------+-------------------------------------------
     0 | D:1      | CraigForest the Minotaur Gladiator began the quest for the
                  | Orb.
     0 | D:1      | Reached XP level 1. HP: 18/18 MP: 0/0
    87 | D:1      | Reached XP level 2. HP: 13/25 MP: 1/1
   277 | D:1      | Got the Vellum of the Frore Geodesic
   479 | D:1      | Reached skill level 4 in Long Blades
   498 | D:1      | Reached XP level 3. HP: 30/30 MP: 2/2
  1779 | D:3      | Gained mutation: You are strong-willed. (Will+) [potion of
                  | mutation]
  1858 | D:3      | Reached skill level 1 in Armour
  1858 | D:3      | Reached XP level 4. HP: 25/37 MP: 3/3
  2208 | D:4      | Found a sacrificial altar of Ru.
  2257 | D:4      | Found an ornate altar of the Wu Jian Council.
  2262 | D:4      | Found a sparkling altar of Nemelex Xobeh.
  2378 | D:4      | Found a staircase to the Ecumenical Temple.
  2400 | Temple   | Entered the Ecumenical Temple
  2404 | Temple   | Became a worshipper of Gozag Ym Sagoz the Greedy
  2530 | D:4      | Reached skill level 1 in Shields
  2541 | D:4      | Reached skill level 5 in Long Blades
  2561 | D:4      | Reached XP level 5. HP: 32/44 MP: 4/4
  2648 | D:4      | Noticed an ogre
  2653 | D:4      | Killed an ogre
  2688 | D:4      | Reached XP level 6. HP: 46/51 MP: 5/5
  2910 | D:4      | Reached skill level 6 in Long Blades
  2929 | D:4      | HP: 2/51 [gnoll/+0 whip[a gnoll bouda] (6)]
  3186 | D:4      | Reached skill level 5 in Dodging
  3323 | D:5      | Entered Level 5 of the Dungeon
  3398 | D:5      | Noticed a water moccasin
  3412 | D:5      | HP: 2/51 [water moccasin (4)]
  3414 | D:5      | Killed a water moccasin
  3415 | D:5      | Reached XP level 7. HP: 9/57 MP: 6/6
  3591 | D:5      | Reached skill level 7 in Long Blades
  3827 | D:5      | Found a runed translucent gate.
  3827 | D:5      | Found a runed translucent gate.
  3827 | D:5      | Found a runed translucent gate.
  3827 | D:5      | Found an opulent altar of Gozag.
  3828 | D:5      | Noticed a troll
  3828 | D:5      | Noticed Soraphim's ghost (novice KoHu)
  3860 | D:5      | Found a white marble altar of Elyvilon.
  5015 | D:5      | Killed Soraphim's ghost
  5016 | D:5      | Reached skill level 8 in Long Blades
  5016 | D:5      | Reached XP level 8. HP: 9/66 MP: 7/7
  5016 | D:5      | Mangled by a troll

Illustrated notes

Levels and vault maps discovered:
D:1:      shiori_arrival_oz, layout_basic
D:2:      kb_forest_paths, layout_basic, chequers_serial_rivers_small_a
D:3:      layout_rooms
D:4:      layout_loops_corners, nicolae_ru_awakened_eye,
          mainiacjoe_overflow_catwalk_spiral, minmay_temple_entry_stoned_glass,
          grunt_ministairs_7, kennysheep_donut
D:5:      layout_layer_cave, mainiacjoe_overflow_six_doors_small,
          ebering_ghost_gozag
Temple:   zaba_magenta_temple

Skill      XL: |  1  2  3  4  5  6  7 |
---------------+----------------------+-----
Dodging        | 4 5 6 |  6.0
Long Blades    | 4 5 6 8 |  8.6
Armour         | 1 2 4 |  4.2
Shields        | 1 2 3 |  3.8
Fighting       | 3 |  3.7
Throwing       | |  2.3

Action                     |  1- 3 |  4- 6 |  7- 9 || total
---------------------------+-------+-------+-------++-------
  Melee: Long sword        |    91 |   116 |    92 ||   299
         Headbutt          |    13 |    20 |    20 ||    53
  Throw: Throwing net      |       |     2 |     1 ||     3
         Javelin           |       |     2 |     1 ||     3
         Dart              |       |       |     4 ||     4
    Use: Scroll            |     4 |     1 |       ||     5
         Potion            |     1 |     2 |       ||     3
   Stab: Distracted        |       |     1 |     1 ||     2
         Held in net/web   |       |     1 |       ||     1
 Armour: Leather armour    |    12 |       |    26 ||    38
         Ring mail         |    33 |    42 |       ||    75
  Dodge: Dodged            |    69 |    73 |    62 ||   204

Table legend: (Time is in decaauts)
 A = Elapsed time spent in this place.
 B = Non-inter-level travel time spent in this place.
 C = Inter-level travel time spent in this place.
 D = Time resting spent in this place.
 E = Time spent auto-exploring this place.
 F = Levels seen in this place.
 G = Mean time per level.
                   A        B        C        D        E       F      G
               +--------+--------+--------+--------+--------+-----+--------+
         Total |   5035 |   4117 |    918 |      0 |   3231 |   6 |  839.2 |
       Dungeon |   4855 |   3943 |    912 |      0 |   3067 |   5 |  971.0 |
        Temple |    180 |    174 |      6 |      0 |    163 |   1 |  180.0 |
               +--------+--------+--------+--------+--------+-----+--------+

Top non-repeatable levels by time:
     D:5: 1545 daAuts
     D:4: 1176 daAuts
     D:2: 1038 daAuts
     D:1: 719 daAuts
     D:3: 376 daAuts
  Temple: 180 daAuts
